 Dungeon Crawl Stone Soup version 0.25.0-11-g1f837a76a1 (webtiles) character file.

Game seed: 2020904129618330399

9459 MisterFreud the Grappler (level 11, -1/115 HPs)
             Began as a Troll Fighter on June 27, 2020.
             Slain by a basilisk (2 damage)
             ... while petrified by a basilisk
             ... on level 11 of the Dungeon.
             The game lasted 00:15:08 (8583 turns).

MisterFreud the Grappler (Troll Fighter)            Turns: 8583, Time: 00:15:09

Health: -1/115     AC: 10    Str: 33    XL:     11   Next: 23%
Magic:  10/10      EV:  1    Int:  6    God:
Gold:   611        SH:  0    Dex:  9    Spells: 10/10 levels left

rFire    . . .     SeeInvis .     - Unarmed
rCold    . . .     Gourm    +   b - +0 kite shield
rNeg     + + +     Faith    .   a - +0 robe
rPois    ∞         Spirit   .   (helmet restricted)
rElec    .         Reflect  .   (no cloak)
rCorr    .         Harm     .   (gloves unavailable)
MR       .....                  (boots unavailable)
Stlth    +.........             (no amulet)
HPRegen  0.69/turn              D - +6 ring of strength
MPRegen  0.12/turn              h - +4 ring of protection

@: petrified
A: large, unfitting armour, claws 3, fast metabolism 3, gourmand, regeneration
1, shaggy fur 1, tough skin 3
a: no special abilities


You were on level 11 of the Dungeon.
You were very full.

You visited 1 branch of the dungeon, and saw 11 of its levels.

You collected 671 gold pieces.
You spent 60 gold pieces at shops.

Inventory:

Missiles
 x - 33 poisoned darts (quivered)
 F - 7 javelins
 I - 4 large rocks
 N - 5 boomerangs
Armour
 a - a +0 robe (worn)
 b - a +0 kite shield (worn)
Jewellery
 g - an uncursed ring of ice
 h - a +4 ring of protection (right claw)
 l - an uncursed ring of fire
 q - a cursed ring of fire
 y - an uncursed ring of ice
 D - a +6 ring of strength (left claw)
 G - an uncursed amulet of regeneration {unknown}
Wands
 m - a wand of polymorph (7)
 C - a wand of paralysis (3)
Scrolls
 f - 18 scrolls of identify {unknown}
 j - 3 scrolls of amnesia {unknown}
 k - 5 scrolls of teleportation {unknown}
 o - 3 scrolls of magic mapping {unknown}
 t - 2 scrolls of fog {unknown}
 u - 4 scrolls of blinking {unknown}
 v - 5 scrolls of remove curse {unknown}
 z - a scroll of enchant weapon {unknown}
 A - 2 scrolls of fear {unknown}
 H - a scroll of enchant armour {unknown}
 J - 2 scrolls of noise {unknown}
 K - a scroll of vulnerability {unknown}
Potions
 c - 2 potions of might
 e - 6 potions of curing {unknown}
 i - 2 potions of lignification {unknown}
 n - 2 potions of ambrosia {unknown}
 p - 4 potions of degeneration {unknown}
 r - 3 potions of resistance
 s - 2 potions of flight {unknown}
 w - 2 potions of stabbing {unknown}
 B - a potion of invisibility {unknown}
 E - 2 potions of mutation {unknown}
Miscellaneous
 L - a phial of floods
Comestibles
 d - 20 rations


   Skills:
 + Level 9.4 Fighting
 - Level 2.4 Dodging
 - Level 9.0 Shields
 - Level 10.0 Unarmed Combat


You had 10 spell levels left.
You didn't know any spells.
Your spell library contained the following spells:

 Spells                   Type           Power        Failure   Level  Hunger
 Foxfire                  Conj/Fire      #...         45%         1    ##.....
 Conjure Flame            Conj/Fire      #.......     83%         3    ####...
 Inner Flame              Hex/Fire       #.......     83%         3    ####...
 Sticky Flame             Conj/Fire      #.......     99%         4    #####..
 Fireball                 Conj/Fire      #.........   100%        5    ######.


Dungeon Overview and Level Annotations

Branches:
Dungeon (11/15)            Temple (0/1) D:5            Lair (0/6) D:11
    Orc (0/2) D:10

Altars:
Fedhas
Xom

Shops:
D:6 *


Innate Abilities, Weirdness & Mutations

You are too large for most types of armour.
You have claws for hands.
Your metabolism is lightning-fast.
You like to eat raw meat.
Your natural rate of healing is unusually fast.
You are covered in fur. (AC +1)
You have extremely tough skin. (AC +3)


Message History

The manticore claws you but does no damage.
The crocodile bites you! The basilisk bites you! The manticore bites you.
* * * LOW HITPOINT WARNING * * *
The manticore claws you.
* * * LOW HITPOINT WARNING * * *
The manticore claws you!
* * * LOW HITPOINT WARNING * * *
The crocodile bites you but does no damage.
The basilisk bites you!
* * * LOW HITPOINT WARNING * * *
The manticore bites you!
* * * LOW HITPOINT WARNING * * *
The manticore claws you but does no damage.
The manticore claws you!
* * * LOW HITPOINT WARNING * * *
The crocodile bites you!
* * * LOW HITPOINT WARNING * * *
The basilisk bites you.
You die...

...........§§≈.............#
....#.......≈..............#
...###.....................#
....#......................#
..$........................#
...........................#
...........................#
..............(l...........#
...............t@.....^....#
......###..S###H.§§........#
...... #..... #.§§§........#
#....P..#.§§§.......<#
#..PJYP.#≈≈§≈≈.......#
...........≈§§........#
............§≈.........#
......>................#
.............#


You could see a manticore, a basilisk, a crocodile and an adder.

Vanquished Creatures
  3 two-headed ogres
  2 cyclopes
  3 gargoyles
  A hornet (D:11)
  2 hippogriffs
  Sigmund (D:3)
  3 yaks (D:9)
  A spriggan (D:10)
  A wyvern (D:9)
  A steam dragon (D:8)
  2 ice beasts
  5 ogres
  A necrophage (D:8)
  An orc warrior (D:10)
  4 centaurs
  4 phantoms
  A big kobold (D:9)
  3 bullfrogs
  3 scorpions
  13 wights
  5 killer bees (D:8)
  A howler monkey (D:4)
  2 crimson imps
  A bullfrog zombie (D:9)
  A lava snake (D:11)
  7 hounds
  2 jellies
  A bullfrog skeleton (D:8)
  4 orc priests
  2 centaur skeletons (D:6)
  9 orc wizards
  3 iguanas
  Natasha (thrice) (D:3)
  9 worker ants
  A killer bee zombie (D:9)
  3 hound skeletons
  A howler monkey zombie (D:7)
  A worker ant zombie (D:10)
  Robin (D:4)
  3 gnolls (D:4)
  18 adders
  2 shadow imps
  2 adder zombies (D:5)
  3 worms
  4 dart slugs
  3 leopard geckos
  48 orcs
  3 ball pythons
  7 bats
  9 giant cockroaches
  12 goblins
  18 hobgoblins
  3 jackals (D:7)
  13 kobolds
  A quokka (D:9)
  7 frilled lizards
  A leopard gecko skeleton (D:6)
  15 rats
  3 fungi (D:8)
287 creatures vanquished.

Vanquished Creatures (others)
  A fungus (D:11)
1 creature vanquished.

Grand Total: 288 creatures vanquished

Notes
Turn   | Place    | Note
-------+----------+-------------------------------------------
     0 | D:1      | MisterFreud the Troll Fighter began the quest for the Orb.
     0 | D:1      | Reached XP level 1. HP: 22/22 MP: 0/0
   160 | D:1      | Reached XP level 2. HP: 29/29 MP: 1/1
   273 | D:1      | Reached skill level 3 in Unarmed Combat
   659 | D:1      | Reached XP level 3. HP: 36/36 MP: 2/2
  1222 | D:2      | Reached skill level 4 in Unarmed Combat
  1581 | D:3      | Reached XP level 4. HP: 38/44 MP: 3/3
  1602 | D:3      | Reached skill level 5 in Unarmed Combat
  1706 | D:3      | Noticed a phantom
  1726 | D:3      | Killed a phantom
  1726 | D:3      | Reached XP level 5. HP: 47/50 MP: 4/4
  1763 | D:3      | Noticed Natasha
  1766 | D:3      | Killed Natasha
  1766 | D:3      | Reached skill level 6 in Unarmed Combat
  1784 | D:3      | Noticed Sigmund
  1793 | D:3      | Killed Sigmund
  1793 | D:3      | Reached XP level 6. HP: 53/61 MP: 5/5
  1841 | D:3      | Noticed Natasha
  1857 | D:3      | Killed Natasha
  1870 | D:3      | Noticed Natasha
  1876 | D:3      | Killed Natasha
  2182 | D:3      | Reached XP level 7. HP: 54/67 MP: 6/6
  2545 | D:4      | Reached skill level 7 in Unarmed Combat
  2585 | D:4      | Reached XP level 8. HP: 79/79 MP: 7/7
  2652 | D:4      | Noticed Robin
  2665 | D:4      | Killed Robin
  3151 | D:5      | Entered Level 5 of the Dungeon
  3698 | D:5      | Found a staircase to the Ecumenical Temple.
  3991 | D:6      | Found Pedisch's General Store.
  4047 | D:6      | Reached skill level 5 in Shields
  4080 | D:6      | Bought a wand of paralysis (3) for 60 gold pieces
  4099 | D:6      | Reached skill level 5 in Fighting
  4099 | D:6      | Reached skill level 8 in Unarmed Combat
  4290 | D:6      | Reached skill level 9 in Unarmed Combat
  4682 | D:7      | Reached XP level 9. HP: 88/88 MP: 8/8
  4787 | D:7      | Found a shimmering altar of Xom.
  5315 | D:8      | Reached skill level 10 in Unarmed Combat
  5359 | D:8      | Found a blossoming altar of Fedhas.
  5439 | D:8      | Noticed a cyclops
  5463 | D:8      | Killed a cyclops
  6209 | D:8      | Reached XP level 10. HP: 96/96 MP: 9/9
  6910 | D:9      | Noticed a two-headed ogre
  6925 | D:9      | Killed a two-headed ogre
  7416 | D:10     | Entered Level 10 of the Dungeon
  7509 | D:10     | Noticed a two-headed ogre
  7519 | D:10     | Killed a two-headed ogre
  7866 | D:10     | Noticed a gargoyle
  7877 | D:10     | Killed a gargoyle
  8094 | D:10     | Noticed a two-headed ogre
  8103 | D:10     | Killed a two-headed ogre
  8103 | D:10     | Reached XP level 11. HP: 95/113 MP: 10/10
  8260 | D:10     | Found a staircase to the Orcish Mines.
  8567 | D:11     | Found a staircase to the Lair.
  8583 | D:11     | HP: 1/115 [crocodile (7)]
  8583 | D:11     | Slain by a basilisk

Illustrated notes

Levels and vault maps discovered:
D:1:      ebering_hopf_link, layout_loops_corners
D:2:      layout_basic
D:3:      minmay_recursive_quarters, layout_basic, uniq_sigmund, uniq_natasha
D:4:      layout_loops_ring, first_ration, uniq_robin
D:5:      layout_basic, sigmund_army
D:6:      layout_basic, serial_shops, shop
D:7:      layout_loops_ring, basic_altar, serial_bayou_ford_a,
          minmay_stone_trees_small, corner_web_ring
D:8:      layout_cave_pods, fedhas_altar_3
D:9:      layout_stronghold
D:10:     layout_cave_pods, hiddenorc1_lemuel, the_bakery
D:11:     layout_big_octagon, david_lair_generic

Skill      XL: |  1  2  3  4  5  6  7  8  9 10 11 |
---------------+----------------------------------+-----
Unarmed Combat | 3 4 5 6 7 9 10 | 10.0
Fighting       | 3 4 5 8 9 |  9.4
Shields        | 3 4 5 8 9 |  9.0
Dodging        | |  2.4

Action                   |  1- 3 |  4- 6 |  7- 9 | 10-12 || total
-------------------------+-------+-------+-------+-------++-------
Melee: Unarmed           |   149 |   127 |   394 |   243 ||   913
Throw: Dart              |       |       |       |     8 ||     8
 Stab: Sleeping          |     1 |       |       |       ||     1
  Eat: Chunk             |    20 |     6 |    33 |    24 ||    83
Armor: Robe              |    69 |    38 |   113 |    34 ||   254
Dodge: Dodged            |    41 |    31 |   110 |    53 ||   235
Block: Kite shield       |    69 |    57 |   178 |   109 ||   413
